 Dungeon Crawl Stone Soup version 0.22.1-6-g1668fe2 (webtiles) character file.

721 Fang the Chopper (level 7, 0/44 HPs)
             Began as a Gargoyle Berserker on Jan 28, 2019.
             Was a Priest of Trog.
             Killed from afar by an orc wizard (4 damage)
             ... with a magic dart
             ... on level 5 of the Dungeon.
             The game lasted 00:04:15 (4186 turns).

Fang the Chopper (Gargoyle Berserker)               Turns: 4186, Time: 00:04:15

Health: 0/44       AC:  8    Str: 22    XL:     7   Next: 70%
Magic:  7/7        EV: 13    Int:  8    God:    Trog [***...]
Gold:   273        SH:  0    Dex:  9    Spells: 6/6 levels left

rFire    . . .     SeeInvis .   v - +0 war axe
rCold    . . .     Gourm    .   (no shield)
rNeg     + . .     Faith    .   b - +0 animal skin
rPois    ∞         Spirit   .   p - +0 helmet (curse)
rElec    +         Reflect  .   (no cloak)
rCorr    +         Harm     .   (no gloves)
MR       .....                  (no boots)
Stlth    ++........             (no amulet)
HPRegen  0.14/turn              r - ring of resist corrosion
MPRegen  0.10/turn              (no ring)

@: berserk cooldown, slowed, very slow
A: negative energy resistance 1, electricity resistance, unbreathing,
petrification resistance, rot immunity, AC +4
a: Berserk, Trog's Hand, Renounce Religion


You were on level 5 of the Dungeon.
You worshipped Trog.
Trog was most pleased with you.
You were not hungry.

You visited 1 branch of the dungeon, and saw 5 of its levels.

You collected 273 gold pieces.

Inventory:

Hand Weapons
 v - a +0 war axe (weapon)
Armour
 b - a +0 animal skin (worn)
 p - a cursed +0 helmet (worn)
Jewellery
 r - a ring of resist corrosion (left hand)
Scrolls
 e - 6 scrolls of identify {unknown}
 g - 2 scrolls of enchant weapon {unknown}
 h - 2 scrolls of blinking {unknown}
 k - 4 scrolls of magic mapping {unknown}
 l - a scroll of amnesia {unknown}
 n - 2 scrolls of teleportation {unknown}
 o - a scroll of fog {unknown}
 q - a scroll of fear {unknown}
 s - a scroll of remove curse {unknown}
 t - a scroll of random uselessness {unknown}
Potions
 d - 3 potions of brilliance {unknown}
 f - a potion of cancellation {unknown}
 i - 2 potions of ambrosia {unknown}
 j - 2 potions of flight {unknown}
 m - a potion of curing {unknown}
Comestibles
 c - 5 rations


   Skills:
 + Level 5.2 Fighting
 + Level 6.0 Axes
 + Level 2.4 Armour
 + Level 3.4 Dodging
 + Level 2.1 Stealth


You had 6 spell levels left.
You didn't know any spells.
Your spell library was empty.

Dungeon Overview and Level Annotations

Branches:
Dungeon (5/15)
 Temple: D:4-7

Altars:
Ashenzari
Elyvilon
Qazlal
Trog
Xom
Zin


Innate Abilities, Weirdness & Mutations

You are resistant to torment.
Your stone body is resilient. (AC +4)
You are immune to poison.
You resist negative energy. (rN+)
You are resistant to electric shocks. (rElec)
You can survive without breathing.
You are immune to petrification.
You are immune to rotting.


Message History

You feel a bit more experienced.
Unknown command.
You slice the orc priest!!
You kill the orc priest!
Trog accepts your kill.
Your Axes skill increases to level 6!
You hit the orc. The orc wizard casts a spell at you.
You resist with some effort.
You are no longer berserk.
You are exhausted.
You feel yourself slow down. The orc hits you with a flail.
* * * LOW HITPOINT WARNING * * *
Items here: )) [[ ††† Unknown command.
The orc wizard hits you but does no damage.
The orc hits you but does no damage.
The orc wizard points at you and mumbles some strange words.
The magic dart hits you!
You die...

#. #..# #. .. ##..# ..
##.# #...# # #. ....#
##.#.# ###.#.# ..#
#.#.)#.#
......#####..###.#.##.#
.................##.#
#.#.o....####.#.##.#
#..@)).## #.#.##.#
##.o#...#####...##.#
#...)#.........##.#
#..#########.#.†.#.#
#.. #...#.#.# #..
#..##...# ### #.####..#
#.# #..# #.# ####


You could see an orc wizard and an orc.

Vanquished Creatures
  A phantom (D:4)
  2 ogres (D:4)
  2 scorpions
  2 hounds (D:4)
  2 orc priests (D:5)
  An orc wizard (D:5)
  2 worker ants (D:4)
  4 gnolls
  4 adders
  3 oozes (D:1)
  3 worms
  2 dart slugs
  6 leopard geckos
  4 orcs (D:5)
  5 bats
  3 giant cockroaches
  7 goblins
  9 hobgoblins
  10 jackals
  A quokka (D:5)
  3 ball pythons
  3 frilled lizards
  6 kobolds
  7 rats
92 creatures vanquished.

Notes
Turn   | Place    | Note
-------+----------+-------------------------------------------
     0 | D:1      | Fang the Gargoyle Berserker began the quest for the Orb.
     0 | D:1      | Reached XP level 1. HP: 14/14 MP: 1/1
    49 | D:1      | Reached XP level 2. HP: 6/19 MP: 2/2
    50 | D:1      | Reached skill level 3 in Axes
   529 | D:1      | Reached XP level 3. HP: 15/24 MP: 3/3
   535 | D:1      | Reached ** piety under Trog
  1062 | D:2      | Found a stormy altar of Qazlal.
  1108 | D:2      | Found a shattered altar of Ashenzari.
  1894 | D:3      | Reached XP level 4. HP: 29/29 MP: 4/4
  2337 | D:3      | Found a shimmering altar of Xom.
  2339 | D:3      | Found a white marble altar of Elyvilon.
  2342 | D:3      | Found a bloodstained altar of Trog.
  2479 | D:3      | Found a glowing silver altar of Zin.
  2650 | D:4      | Noticed an ogre
  2660 | D:4      | Killed an ogre
  2660 | D:4      | Reached skill level 4 in Axes
  2660 | D:4      | Reached XP level 5. HP: 29/34 MP: 5/5
  2664 | D:4      | Reached XP level 6. HP: 31/39 MP: 6/6
  2795 | D:4      | Reached skill level 1 in Stealth
  2813 | D:3      | Reached *** piety under Trog
  3392 | D:4      | Noticed a phantom
  3506 | D:4      | Killed a phantom
  3506 | D:4      | Reached skill level 5 in Axes
  3506 | D:4      | Reached XP level 7. HP: 37/44 MP: 7/7
  3644 | D:4      | Reached skill level 5 in Fighting
  4113 | D:5      | Entered Level 5 of the Dungeon
  4184 | D:5      | Reached skill level 6 in Axes
  4186 | D:5      | Killed from afar by an orc wizard

Skill      XL: |  1  2  3  4  5  6  7 |
---------------+----------------------+-----
Axes           | 3 4 5 6 |  6.0
Fighting       | 4 5 |  5.2
Dodging        | 2 3 |  3.4
Stealth        | 1 2 |  2.1
Armour         | |  2.4

Action                   |  1- 3 |  4- 6 |  7- 9 || total
-------------------------+-------+-------+-------++-------
Melee: Hand axe          |   100 |    79 |       ||   179
       War axe           |       |    77 |    46 ||   123
Invok: Berserk           |     1 |     1 |     2 ||     4
 Stab: Sleeping          |       |     3 |       ||     3
  Eat: Chunk             |     2 |     4 |     2 ||     8
       Ration            |     1 |       |     1 ||     2
Armor: Animal skin       |    58 |    71 |    16 ||   145
Dodge: Dodged            |   103 |   128 |    29 ||   260
